 Dungeon Crawl Stone Soup version 0.27-a0-401-gea03ee85fd (webtiles) character file.

Game seed: 12598028196618698455

2700 gruber the Blocker (level 9, -10/74 HPs)
             Began as a Gnoll Fighter on Feb 21, 2021.
             Was an Initiate of Gozag.
             Mangled by a two-headed ogre
             ... wielding a +0 dire flail
              (18 damage)
             ... on level 7 of the Dungeon.
             The game lasted 00:11:11 (6387 turns).

gruber the Blocker (Gnoll Fighter)                  Turns: 6387, Time: 00:11:12

Health: -10/74     AC:  8    Str: 16    XL:     9   Next: 65%
Magic:  15/15      EV: 10    Int: 10    God:    Gozag
Gold:   348        SH: 10    Dex: 12    Spells: 16/16 levels left

rFire    + . .     SeeInvis .   y - +2 flail (vorpal)
rCold    + . .     Faith    .   c - +0 kite shield
rNeg     . . .     Spirit   .   b - +0 scale mail
rPois    +         Reflect  .   (no helmet)
rElec    +         Harm     .   z - scarf {repulsion}
rCorr    +         Rampage  .   (no gloves)
Will     +....                  (no boots)
Stlth    +.........             k - amulet of regeneration
HPRegen  1.22/turn              f - ring of willpower
MPRegen  0.14/turn              (no ring)

@: resistant, very slightly contaminated, invisible, repel missiles
A: distributed training, fangs 1, strong nose
a: Renounce Religion, Potion Petition, Call Merchant, Bribe Branch


You were on level 7 of the Dungeon.
You worshipped Gozag.
Gozag was aware of your devotion.
You visited 1 branch of the dungeon, and saw 8 of its levels.
You also visited: Sewer.

You collected 917 gold pieces.
You paid 569 gold pieces to Gozag.

Inventory:

Hand Weapons
 y - a +2 vorpal flail (weapon)
Missiles
 s - 31 poisoned darts (quivered)
 w - 8 javelins
Armour
 b - a +0 scale mail (worn)
 c - a +0 kite shield (worn)
 z - a scarf of repulsion (worn)
Jewellery
 f - a ring of willpower (left hand)
 k - an amulet of regeneration (around neck)
 r - an amulet of magic regeneration {unknown}
Wands
 A - a wand of flame (10)
 C - a wand of charming (3)
Scrolls
 e - 5 scrolls of teleportation {unknown}
 i - 11 scrolls of identify {unknown}
 j - a scroll of enchant weapon {unknown}
 m - 2 scrolls of immolation {unknown}
 p - a scroll of fear {unknown}
 t - 2 scrolls of magic mapping {unknown}
 u - a scroll of brand weapon {unknown}
 x - a scroll of noise {unknown}
 E - a scroll of random uselessness {unknown}
Potions
 a - a potion of heal wounds {unknown}
 d - 2 potions of might
 g - 4 potions of haste {unknown}
 h - a potion of resistance {unknown}
 l - a potion of lignification {unknown}
 n - 6 potions of curing {unknown}
 o - 3 potions of flight {unknown}
 q - a potion of magic {unknown}
 v - 2 potions of berserk rage {unknown}
 B - a potion of invisibility {unknown}
 D - a potion of attraction {unknown}
 F - a potion of brilliance {unknown}


   Skills:
 + Level 8.0 Fighting
 + Level 4.4 Short Blades
 + Level 4.4 Long Blades
 + Level 4.4 Axes
 + Level 6.4 Maces & Flails
 + Level 4.4 Polearms
 + Level 4.4 Staves
 + Level 4.4 Slings
 + Level 4.4 Bows
 + Level 4.4 Crossbows
 + Level 4.4 Throwing
 + Level 8.0 Armour
 + Level 4.4 Dodging
 + Level 4.4 Stealth
 + Level 8.0 Shields
 + Level 4.4 Unarmed Combat
 + Level 4.4 Spellcasting
 + Level 3.6 Conjurations
 + Level 3.6 Hexes
 + Level 3.6 Summonings
 + Level 3.6 Necromancy
 + Level 3.6 Translocations
 + Level 3.6 Transmutations
 + Level 3.6 Fire Magic
 + Level 3.6 Ice Magic
 + Level 3.6 Air Magic
 + Level 3.6 Earth Magic
 + Level 3.6 Poison Magic
 + Level 4.9 Invocations
 + Level 4.4 Evocations


You had 16 spell levels left.
You didn't know any spells.
Your spell library was empty.

Dungeon Overview and Level Annotations

Branches:
Dungeon (8/15)             Temple (0/1) D:5           Sewer (visited)
   Lair: D:8-11

Altars:
Cheibriados
Elyvilon
Fedhas
Gozag
Makhleb
Qazlal
Ru
Vehumet
Yredelemnul
Zin
The Shining One

Shops:
D:2 *


Innate Abilities, Weirdness & Mutations

Your experience applies equally to all skills.
You have very sharp teeth.
Your uncanny sense of smell can sniff out nearby items.


Message History

There is a stone staircase leading down here.
Unknown command.
You hit the two-headed ogre.
The two-headed ogre is lightly wounded.
The centaur hits you. You block the jackal's attack.
You block the centaur's attack.
The two-headed ogre completely misses you.
The two-headed ogre hits you with a +0 dire flail!
You thump the two-headed ogre!
The two-headed ogre is lightly wounded.
The centaur hits you!
* * * LOW HITPOINT WARNING * * *
You block the jackal's attack.
The two-headed ogre hits you with a +0 dire flail.
* * * LOW HITPOINT WARNING * * *
You block the two-headed ogre's attack.
The centaur hits you but does no damage.
You block the jackal's attack.
Unknown command. [a] - 600 gold - haste and resistance [b] - 308 gold - curing and magic [c] - 468 gold - resistance and invisibility Purchase which effect?
You no longer have enough gold to petition Gozag for potion effects.
You no longer have enough gold to fund merchants seeking to open stores in the dungeon.
You feel protected.
You fade into invisibility!
You block the centaur's attack. The jackal closely misses you.
The two-headed ogre hits you with a +0 dire flail!
* * * LOW HITPOINT WARNING * * *
The two-headed ogre barely misses you.
You are very lightly contaminated with residual magic.
Unknown command.
Unknown command.
Okay, then.
You need at least 400 gold to purchase potions right now!
You hit the two-headed ogre. You bite the two-headed ogre.
The two-headed ogre is moderately wounded.
The two-headed ogre hits you with a +0 dire flail!!
You die...
Your body crumbles into a pile of gold.

#...#.#.#.#.#.#..>#..
#.....#..##.......###
#.....#...#.......#..
#.....#..##...##..##.
########.....'..##...###'##.
#............#...#...#......
#............##+##...#...###
#.......#####....#...#...#..
#.......#c.@#....+...'...+..
#########.$O#....#...#####..
#...h#....######..#..
#....'....#.......'..
#....#....#.......#..
######....#.####'##..
#......#'##.####.#...
#......#.....'...#...
#......#.....#...#...


You could see a two-headed ogre, a centaur and a jackal.

Vanquished Creatures
  Prince Ribbit (D:7)
  A wyvern (D:8)
  Eustachio (D:3)
  Edmund (D:5)
  2 black bears (D:7)
  Purgy (Sewer)
  2 ice beasts
  2 orc warriors
  2 ogres
  2 centaurs
  A phantom (D:6)
  3 bullfrogs
  A wyvern skeleton (D:7)
  A scorpion (D:7)
  A quasit (D:5)
  2 hounds
  A bullfrog skeleton (D:5)
  3 orc priests
  A centaur skeleton (D:5)
  Crazy Yiuf (D:3)
  Terence (D:3)
  3 worker ants
  2 orc wizards
  A hound skeleton (D:5)
  A worker ant zombie (D:6)
  9 gnolls
  9 adders
  4 white imps
  An ooze (D:6)
  A worm (D:4)
  A dart slug (D:6)
  6 leopard geckos
  9 orcs
  14 bats
  8 giant cockroaches
  8 goblins
  2 hobgoblins
  17 jackals
  5 kobolds
  4 quokkas
  A ball python (D:3)
  3 frilled lizards
  A jackal skeleton (D:6)
  A jackal zombie (D:7)
  A leopard gecko zombie (D:5)
  A quokka skeleton (D:4)
  A quokka zombie (D:6)
  8 rats
153 creatures vanquished.

Vanquished Creatures (others)
  2 plants (D:6)
2 creatures vanquished.

Grand Total: 155 creatures vanquished

Notes
Turn   | Place    | Note
-------+----------+-------------------------------------------
     0 | D:1      | gruber the Gnoll Fighter began the quest for the Orb.
     0 | D:1      | Reached XP level 1. HP: 23/23 MP: 1/1
   138 | D:1      | You fall into a shaft and drop 1 floor!
   249 | D:2      | Reached XP level 2. HP: 28/29 MP: 2/2
   601 | D:2      | Reached XP level 3. HP: 35/35 MP: 3/3
  1078 | D:1      | Reached skill level 1 in Invocations
  1644 | D:2      | Found Zin's Purification Station.
  1650 | D:2      | Found a glowing silver altar of Zin.
  1694 | D:2      | Reached skill level 1 in Short Blades
  1694 | D:2      | Reached skill level 1 in Long Blades
  1694 | D:2      | Reached skill level 1 in Axes
  1694 | D:2      | Reached skill level 1 in Polearms
  1694 | D:2      | Reached skill level 1 in Staves
  1694 | D:2      | Reached skill level 1 in Slings
  1694 | D:2      | Reached skill level 1 in Bows
  1694 | D:2      | Reached skill level 1 in Crossbows
  1694 | D:2      | Reached skill level 1 in Throwing
  1694 | D:2      | Reached skill level 1 in Dodging
  1694 | D:2      | Reached skill level 1 in Stealth
  1694 | D:2      | Reached skill level 1 in Unarmed Combat
  1694 | D:2      | Reached skill level 1 in Spellcasting
  1694 | D:2      | Reached skill level 1 in Evocations
  1922 | D:3      | Reached XP level 4. HP: 41/41 MP: 5/5
  2169 | D:2      | Reached skill level 1 in Conjurations
  2169 | D:2      | Reached skill level 1 in Hexes
  2169 | D:2      | Reached skill level 1 in Summonings
  2169 | D:2      | Reached skill level 1 in Necromancy
  2169 | D:2      | Reached skill level 1 in Translocations
  2169 | D:2      | Reached skill level 1 in Transmutations
  2169 | D:2      | Reached skill level 1 in Fire Magic
  2169 | D:2      | Reached skill level 1 in Ice Magic
  2169 | D:2      | Reached skill level 1 in Air Magic
  2169 | D:2      | Reached skill level 1 in Earth Magic
  2169 | D:2      | Reached skill level 1 in Poison Magic
  2344 | D:3      | Noticed Terence
  2363 | D:3      | Killed Terence
  2364 | D:3      | Reached XP level 5. HP: 47/47 MP: 5/7
  2490 | D:3      | Found a runed translucent door.
  2493 | D:3      | Noticed Crazy Yiuf
  2501 | D:3      | Paralysed by Crazy Yiuf for 7 turns
  2508 | D:3      | Killed Crazy Yiuf
  2586 | D:3      | Found a sacrificial altar of Ru.
  2715 | D:4      | Found a glowing drain.
  2751 | Sewer    | Entered a sewer
  2778 | Sewer    | Noticed Purgy
  2795 | Sewer    | Killed Purgy
  2796 | Sewer    | Reached XP level 6. HP: 44/53 MP: 8/8
  2972 | D:5      | Entered Level 5 of the Dungeon
  2972 | D:5      | Noticed Edmund
  3025 | D:4      | Noticed Eustachio
  3057 | D:3      | Killed Eustachio
  3058 | D:3      | Reached skill level 5 in Maces & Flails
  3093 | D:4      | Reached XP level 7. HP: 59/59 MP: 10/10
  3552 | D:5      | Found a radiant altar of Vehumet.
  3592 | D:5      | Killed Edmund
  3618 | D:5      | Found an opulent altar of Gozag.
  3765 | D:5      | Became a worshipper of Gozag Ym Sagoz the Greedy
  4145 | D:5      | Reached XP level 8. HP: 65/67 MP: 12/12
  4314 | D:5      | Found a staircase to the Ecumenical Temple.
  4422 | D:6      | Found a stormy altar of Qazlal.
  4782 | D:6      | Found a snail-covered altar of Cheibriados.
  4838 | D:6      | Found a white marble altar of Elyvilon.
  5081 | D:6      | Found a glowing golden altar of the Shining One.
  5083 | D:6      | Noticed an angel
  5089 | D:6      | Found a basalt altar of Yredelemnul.
  5091 | D:6      | Noticed a profane servitor
  5177 | D:6      | Found a blossoming altar of Fedhas.
  5482 | D:7      | Reached XP level 9. HP: 72/72 MP: 14/14
  5790 | D:7      | Found a burning altar of Makhleb.
  5790 | D:7      | Noticed a cacodemon
  6118 | D:7      | Noticed an orange demon
  6218 | D:8      | Noticed Prince Ribbit
  6252 | D:7      | Killed Prince Ribbit
  6326 | D:8      | Noticed a two-headed ogre
  6387 | D:7      | Mangled by a two-headed ogre

Illustrated notes

Levels and vault maps discovered:
D:1:      scummos_arrival_hexagon, layout_loops_corners, serial_aquarium,
          aquarium_bridge_long_separate [aquarium_subvault_balcony,
          aquarium_subvault_bridge, aquarium_subvault_bridge,
          aquarium_subvault_wall, aquarium_subvault_wall,
          aquarium_subvault_bridge], aquarium_bridge_square
          [aquarium_subvault_window, aquarium_subvault_window,
          aquarium_subvault_bridge, aquarium_subvault_bridge],
          aquarium_window_1, aquarium_window_3, aquarium_window_1,
          aquarium_view_2b, aquarium_view_2c
D:2:      layout_loops_ring, zin_purify, serial_forest,
          infiniplex_forest_straight_4, infiniplex_forest_zigzag_2,
          infiniplex_forest_lined_4_way, infiniplex_forest_clump_large,
          infiniplex_forest_clump_medium
D:3:      layout_basic, hangedman_decor_push, minmay_strange_pillars,
          nicolae_ru_path_of_blood, uniq_crazy_yiuf_cottage, uniq_terence
D:4:      layout_basic, portal_sewer_entry_a, kennysheep_minor_cross,
          uniq_eustachio
D:5:      layout_loops_ring, nicolae_gozag_seed_capital, vehumet_crystals,
          lemuel_temple_firewalk_b, uniq_edmund
D:6:      layout_loops_ring, grunt_temple_overflow_holy_war, lemuel_round_altar,
          kennysheep_slug_shrine, grunt_qazlal_sundering, fedhas_altar_1
D:7:      layout_gridville, nicolae_ossuary_entry_ruins, serial_glass,
          glass_columns_b, glass_columns_a, minmay_strange_pillars,
          item_on_display_a, due_unseen_surprise, minmay_misc_feat_more_columns,
          minmay_strange_pillars, kennysheep_crisscross,
          makhleb_altar_promises_db
D:8:      layout_rooms, uniq_prince_ribbit1, uniq_erica

Skill      XL: |  1  2  3  4  5  6  7  8  9 |
---------------+----------------------------+-----
Invocations    | 1 2 3 4 |  4.9
Short Blades   | 1 2 3 4 |  4.4
Long Blades    | 1 2 3 4 |  4.4
Axes           | 1 2 3 4 |  4.4
Polearms       | 1 2 3 4 |  4.4
Staves         | 1 2 3 4 |  4.4
Slings         | 1 2 3 4 |  4.4
Bows           | 1 2 3 4 |  4.4
Crossbows      | 1 2 3 4 |  4.4
Throwing       | 1 2 3 4 |  4.4
Dodging        | 1 2 3 4 |  4.4
Stealth        | 1 2 3 4 |  4.4
Unarmed Combat | 1 2 3 4 |  4.4
Spellcasting   | 1 2 3 4 |  4.4
Evocations     | 1 2 3 4 |  4.4
Conjurations   | 1 2 3 |  3.6
Hexes          | 1 2 3 |  3.6
Summonings     | 1 2 3 |  3.6
Necromancy     | 1 2 3 |  3.6
Translocations | 1 2 3 |  3.6
Transmutations | 1 2 3 |  3.6
Fire Magic     | 1 2 3 |  3.6
Ice Magic      | 1 2 3 |  3.6
Air Magic      | 1 2 3 |  3.6
Earth Magic    | 1 2 3 |  3.6
Poison Magic   | 1 2 3 |  3.6
Maces & Flails | 5 6 |  6.4
Fighting       | 7 8 |  8.0
Armour         | 7 8 |  8.0
Shields        | 7 8 |  8.0

Action                   |  1- 3 |  4- 6 |  7- 9 || total
-------------------------+-------+-------+-------++-------
Melee: Flail             |   113 |   169 |   340 ||   622
       Bite              |     9 |    17 |    37 ||    63
Throw: Dart              |       |     6 |     3 ||     9
Invok: Potion Petition   |       |       |     1 ||     1
 Stab: Distracted        |       |       |     1 ||     1
Armor: Scale mail        |    49 |   109 |   142 ||   300
Dodge: Dodged            |    39 |    95 |   161 ||   295
Block: Kite shield       |    52 |   131 |   223 ||   406

Table legend: (Time is in decaauts)
 A = Elapsed time spent in this place.
 B = Non-inter-level travel time spent in this place.
 C = Inter-level travel time spent in this place.
 D = Time resting spent in this place.
 E = Time spent auto-exploring this place.
 F = Levels seen in this place.
 G = Mean time per level.
                   A        B        C        D        E       F      G
               +--------+--------+--------+--------+--------+-----+--------+
         Total |   6592 |   6186 |    406 |     10 |   4675 |   9 |  732.4 |
       Dungeon |   6484 |   6078 |    406 |     10 |   4610 |   8 |  810.5 |
         Sewer |    108 |    108 |      0 |      0 |     65 |   1 |  108.0 |
               +--------+--------+--------+--------+--------+-----+--------+

Top non-repeatable levels by time:
     D:7: 1061 daAuts
     D:1: 1052 daAuts
     D:5: 954 daAuts
     D:2: 933 daAuts
     D:3: 877 daAuts
     D:6: 856 daAuts
     D:4: 659 daAuts
   Sewer: 108 daAuts
     D:8: 89 daAuts
